 Dungeon Crawl Stone Soup version 0.26-a0-1040-gbe3abf3417 (webtiles) character file.

Game seed: 12122425059188526729

28 Dracia the Chiller (level 3, 24/24 HPs)
             Began as a Merfolk Ice Elementalist on Dec 11, 2020.
             Got out of the dungeon alive.
             The game lasted 00:02:40 (1746 turns).

Dracia the Chiller (Merfolk Ice Elementalist)       Turns: 1746, Time: 00:02:41

Health: 24/24      AC:  2    Str:  9    XL:     3   Next: 12%
Magic:  6/6        EV: 13    Int: 14    God:
Gold:   67         SH:  0    Dex: 14    Spells: 2/6 levels left

rFire    . . .     SeeInvis .   g - +0 spear
rCold    . . .     Faith    .   (no shield)
rNeg     . . .     Spirit   .   a - +0 robe
rPois    .         Reflect  .   (no helmet)
rElec    .         Harm     .   (no cloak)
rCorr    .         Rampage  .   (no gloves)
Will     .....                  (no boots)
Stlth    ++........             (no amulet)
HPRegen  0.08/turn              (no ring)
MPRegen  0.10/turn              (no ring)

@: no status effects
A: change form in water, swift swim, stealthy swim
a: no special abilities


You escaped.
You visited 1 branch of the dungeon, and saw 1 of its levels.

You collected 67 gold pieces.


   Skills:
 + Level 0.3 Polearms
 - Level 2.6 Dodging
 - Level 2.1 Stealth
 - Level 2.0 Spellcasting
 + Level 5.4 Ice Magic


You had 2 spell levels left.
You knew the following spells:

 Your Spells              Type           Power        Failure   Level
r - Frozen Ramparts       Ice            ###...       8%          3
z - Freeze                Ice            ###.         2%          1

Your spell library contained the following spells:

 Spells                   Type           Power        Failure   Level
 Ozocubu's Armour         Ice            ###.....     8%          3
 Hailstorm                Conj/Ice       #.......     61%         4
 Summon Ice Beast         Ice/Summ       #.......     61%         4

Inventory:

Hand Weapons
 c - a +0 dagger
 g - a +0 spear (weapon)
Armour
 a - a +0 robe (worn)
Scrolls
 b - a scroll of noise {unknown}
 d - 2 scrolls of teleportation {unknown}
 e - a scroll of fog {unknown}
 h - 2 scrolls of identify {unknown}
Potions
 f - a potion of lignification {unknown}

Dungeon Overview and Level Annotations

Branches:
Dungeon (1/15)

Altars:

###.............###
##........(........##
##.........####......##
##........########.....########
#.......####....###.....##.....
##......###........##....##.####
#.......##...###...###....#.#
##......###..#'###...##....#.####
#.......##..###.@##..##....#.....
#......###..###.##..###.(..#.####
#......###...##.....##....##...##
........##....#######....###.#...
........###....####......# #.####
........# ##............####.#...
........## ####......######......
...>.....# ######## ###..#.###
.........# ############.........


There were no monsters in sight!


Message History

Okay, then.
A rat comes into view.
The frilled lizard hisses angrily.
You reach to attack!
You miss the frilled lizard. You closely miss the frilled lizard.
The frilled lizard closely misses you.
You hit the frilled lizard.
You kill the frilled lizard!
You see here a frilled lizard corpse.
You hit the rat but do no damage. The rat closely misses you.
The rat bites you.
You hit the rat.
You kill the rat!
No target in view!
Search for what [Enter for "arm", or ? for help]? armor Done exploring.
Done exploring.
Done exploring.
Done exploring.
Done exploring.
(D) Dungeon
Where to? (? - help)
Okay, then.
Unknown command.
You see here a hand axe.
You see here 31 stones.
You open the door.
There is an open door here.
There is a staircase leading out of the dungeon here.
Are you sure you want to leave the Dungeon?
This will make you lose the game!
You have escaped!

Skill      XL: |  1  2 |
---------------+-------+-----
Ice Magic      | 5 |  5.4
Polearms       | |  0.3
Dodging        | |  2.6
Stealth        | |  2.1
Spellcasting   | |  2.0

Action                   || total
-------------------------++-------
Melee: Unarmed           ||    13
       Dagger            ||    31
       Spear             ||     9
 Cast: Freeze            ||    17
 Stab: Sleeping          ||     1
Armor: Robe              ||    11
Dodge: Dodged            ||    70

Levels and vault maps discovered:
D:1:      dpeg_arrival_snail, layout_basic, hangedman_decor_clover_reticule

Notes
Turn   | Place    | Note
-------+----------+-------------------------------------------
     0 | D:1      | Dracia the Merfolk Ice Elementalist began the quest for the
                  | Orb.
     0 | D:1      | Reached XP level 1. HP: 13/13 MP: 3/3
   432 | D:1      | Reached XP level 2. HP: 19/19 MP: 3/5
   556 | D:1      | Reached skill level 5 in Ice Magic
  1286 | D:1      | Reached XP level 3. HP: 24/24 MP: 6/6
  1427 | D:1      | Learned a level 3 spell: Frozen Ramparts
  1746 | D:$      | Got out of the dungeon alive.

Vanquished Creatures
  2 dart slugs (D:1)
  A giant cockroach (D:1)
  2 goblins (D:1)
  3 hobgoblins (D:1)
  3 kobolds (D:1)
  6 bats (D:1)
  3 frilled lizards (D:1)
  3 rats (D:1)
23 creatures vanquished.

Table legend: (Time is in decaauts)
 A = Elapsed time spent in this place.
 B = Non-inter-level travel time spent in this place.
 C = Inter-level travel time spent in this place.
 D = Time resting spent in this place.
 E = Time spent auto-exploring this place.
 F = Levels seen in this place.
 G = Mean time per level.
                   A        B        C        D        E       F      G
               +--------+--------+--------+--------+--------+-----+--------+
         Total |   1745 |   1603 |    142 |    251 |   1189 |   1 | 1745.0 |
       Dungeon |   1745 |   1603 |    142 |    251 |   1189 |   1 | 1745.0 |
               +--------+--------+--------+--------+--------+-----+--------+

Top non-repeatable levels by time:
     D:1: 1745 daAuts

Table legend:
 A = Non-vault XP
 B = Vault XP
 C = Vault XP percentage of total XP
 D = Non-vault monster count
 E = Vault monster count
 F = Vault count percentage of total count
                 A         B        C        D         E       F
            +---------+---------+-------+---------+---------+-------
      Total |      40 |       0 |   0.0 |      23 |       0 |   0.0
            +---------+---------+-------+---------+---------+-------
        D:1 |      40 |       0 |   0.0 |      23 |       0 |   0.0
            +---------+---------+-------+---------+---------+-------
